 Dungeon Crawl Stone Soup version 0.32-a0-12-g7fc57aa741 (webtiles) character file.

Game seed: 15799314067651567848

746 voltaire321 the Ducker (level 7, -1/55 HPs)
             Began as a Merfolk Gladiator on Jan 15, 2024.
             Was an Initiate of the Shining One.
             Slain by Eustachio
             ... wielding a +0 rapier of protection
              (7 damage)
             ... on level 5 of the Dungeon.
             The game lasted 00:10:14 (4247 turns).

voltaire321 the Ducker (Merfolk Gladiator)          Turns: 4247, Time: 00:10:15

Health: -1/55      AC:  7    Str: 14    XL:     7   Next: 77%
Magic:  7/7        EV: 14    Int: 10    God:    the Shining One [......]
Gold:   270        SH:  0    Dex: 15    Spells: 6/6 levels left

rFire   . . .        a - +0 trident
rCold   . . .        (no shield)
rNeg    . . .        b - +0 leather armour
rPois   .            c - +0 helmet
rElec   .            l - +0 cloak
rCorr   .            h - +0 pair of gloves
SInv    .            i - +0 pair of boots
Will    .....        (no amulet)
Stlth   +            (no ring)
HPRegen 0.29/turn    (no ring)
MPRegen 0.10/turn

%: no passive effects
@: glowing
A: (nimble swimmer 2), mertail
a: Renounce Religion


You were on level 5 of the Dungeon.
You worshipped the Shining One.
The Shining One was noncommittal.
You visited 2 branches of the dungeon, and saw 6 of its levels.

You collected 270 gold pieces.

Inventory:

Hand Weapons
 a - a +0 trident (weapon)
Missiles
 d - 4 throwing nets
 e - 2 javelins
 j - 4 boomerangs
Armour
 b - a +0 leather armour (worn)
 c - a +0 helmet (worn)
 h - a +0 pair of gloves (worn)
 i - a +0 pair of boots (worn)
 l - a +0 cloak (worn)
Jewellery
 u - a ring of flight
Scrolls
 g - 2 scrolls of enchant armour {unknown}
 k - a scroll of enchant weapon {unknown}
 s - 3 scrolls of teleportation {unknown}
 v - a scroll of revelation {unknown}
 w - a scroll of blinking {unknown}
 x - a scroll of immolation {unknown}
 y - a scroll of vulnerability {unknown}
Potions
 f - 4 potions of brilliance
 m - 2 potions of haste
 n - a potion of degeneration {unknown}
 o - 3 potions of resistance
 q - 2 potions of enlightenment
 r - a potion of lignification
 t - a potion of curing


   Skills:
 + Level 4.9 Fighting
 + Level 6.7 Polearms
 - Level 2.0 Throwing
 + Level 2.9 Armour
 + Level 6.8 Dodging
 + Level 0.2 Invocations


You had 6 spell levels left.
You didn't know any spells.
Your spell library contained the following spells:

 Spells                   Type           Power      Damage    Failure   Level
 Hailstorm                Conj/Ice       0%         3d5       80%         3
 Stone Arrow              Conj/Erth      0%         3d7       80%         3
 Summon Ice Beast         Ice/Summ       0%         N/A       80%         3
 Tukima's Dance           Hex            0%         N/A       80%         3
 Animate Armour           Summ/Erth      0%         N/A       99%         4
 Dimensional Bullseye     Hex/Tloc       0%         N/A       99%         4
 Iskenderun's Mystic Bla  Conj/Tloc      0%         2d3       99%         4
 Sculpt Simulacrum        Ice/Alch       0%         N/A       100%        6
 Lehudib's Crystal Spear  Conj/Erth      0%         10d2      100%        8


Dungeon Overview and Level Annotations

Branches:
Dungeon (5/15)             Temple (1/1) D:5

Altars:
Ashenzari
Dithmenos
Elyvilon
Fedhas
Gozag
Kikubaaqudgha
Nemelex Xobeh
Okawaru
Qazlal
Sif Muna
Trog
Uskayaw
Vehumet
Wu Jian
Yredelemnul
The Shining One

Annotations:
D:5 Eustachio


Innate Abilities, Weirdness & Mutations

((You are very nimble when in or above water. (Stealth+, EV+, Speed+++)))
Your lower body shifts to a powerful aquatic tail in water.


Message History

The quokka bites you but does no damage.
The ufetubus barely misses you. x2
You hit Eustachio.
Eustachio is almost dead.
The bat hits you but does no damage. The rat completely misses you.
The ufetubus barely misses you. x2; Eustachio barely misses you.
The shadow imp lashes its tail.
The shadow imp gestures at you.
You struggle to resist.
The quasit closely misses you. The quasit barely misses you.
The quasit claws you but does no damage.
The quokka barely misses you.
You hit Eustachio but do no damage.
Eustachio is almost dead.
The ufetubus hits you but does no damage.
The ufetubus closely misses you. The quasit barely misses you.
The quasit closely misses you. The quasit claws you.
* * * LOW HITPOINT WARNING * * *
The rat bites you but does no damage. The quokka barely misses you.
Eustachio barely misses you.
The shadow imp grins evilly.
The shadow imp gestures at you. Pain shoots through your body!
* * * LOW HITPOINT WARNING * * *
The bat hits you.
* * * LOW HITPOINT WARNING * * *
The ufetubus closely misses you. x2
Reach: a) +0 trident
Press: ? - help, Dir - move target, f/p - Eustachio
Aim: Eustachio, wielding a +0 rapier of protection and wearing a +0 leather armour (almost dead, about 47% to evade your +0 trident)
You miss Eustachio.
Eustachio is almost dead.
The bat barely misses you. The quasit barely misses you. x2
The quasit closely misses you. The rat bites you.
* * * LOW HITPOINT WARNING * * *
The quokka closely misses you. The ufetubus barely misses you.
The ufetubus hits you but does no damage.
Eustachio hits you with a +0 rapier of protection!
You die...
Eustachio twirls his moustache.

#.#.#.####### ##...
#.#.#.##########....
......†......#... .#####
..##.........#.###......
..##...................#
....########...........#
..#. #....b...$..# . ##
+...55@.....#
#....@5b.(.$#
#.#.rr......#
#.#.........#
#.#...####### #.##### ..


You could see Eustachio, a quasit (summoned), a shadow imp (summoned), an
ufetubus (summoned), a quokka (summoned), 2 bats and a rat (summoned).

Vanquished Creatures
  Menkaure (D:4)
  A black bear (D:5)
  An ogre (D:2)
  A scorpion (D:4)
  4 bombardier beetles
  An orc priest (D:4)
  A jelly (D:5)
  A sleepcap (D:4)
  2 orc wizards (D:4)
  3 adders
  2 dart slugs
  3 ribbon worms
  9 orcs
  6 bats
  6 endoplasms
  6 giant cockroaches
  6 goblins
  6 hobgoblins
  7 jackals
  3 quokkas
  8 ball pythons
  5 frilled lizards
  8 kobolds
  6 rats
97 creatures vanquished.

Vanquished Creatures (others)
  An orc wizard (D:4)
1 creature vanquished.

Grand Total: 98 creatures vanquished

Notes
Turn   | Place    | Note
-------+----------+-------------------------------------------
     0 | D:1      | voltaire321 the Merfolk Gladiator began the quest for the
                  | Orb.
     0 | D:1      | Reached XP level 1. HP: 16/16 MP: 1/1
   162 | D:1      | Reached XP level 2. HP: 19/23 MP: 2/2
   426 | D:1      | Reached XP level 3. HP: 24/28 MP: 3/3
   813 | D:2      | Noticed an ogre
   825 | D:2      | Killed an ogre
   826 | D:2      | Reached skill level 5 in Polearms
   826 | D:2      | Reached skill level 1 in Armour
   826 | D:2      | Reached skill level 5 in Dodging
   826 | D:2      | Reached XP level 4. HP: 25/35 MP: 4/4
   826 | D:2      | Reached XP level 5. HP: 30/41 MP: 5/5
  2332 | D:4      | Reached XP level 6. HP: 48/48 MP: 6/6
  3121 | D:4      | Noticed Menkaure
  3128 | D:4      | Killed Menkaure
  3129 | D:4      | Reached XP level 7. HP: 29/55 MP: 7/7
  3842 | D:5      | Entered Level 5 of the Dungeon
  3971 | D:5      | Found a staircase to the Ecumenical Temple.
  4018 | Temple   | Entered the Ecumenical Temple
  4093 | Temple   | Became a worshipper of the Shining One
  4226 | D:5      | Noticed Eustachio
  4247 | D:5      | Slain by Eustachio

Illustrated notes

Levels and vault maps discovered:
D:1:      kilobyte_arrival_exit_the_forest, layout_basic
D:2:      layout_basic
D:3:      layout_basic
D:4:      layout_cave_pods, uniq_menkaure
D:5:      layout_basic, minmay_temple_entry_grid, lemuel_flamethrower_1,
          uniq_eustachio
Temple:   minmay_temple_bridge_d

Skill      XL: |  1  2  3  4  5  6 |
---------------+-------------------+-----
Fighting       | 3 4 |  4.9
Polearms       | 5 6 |  6.7
Armour         | 1 2 |  2.9
Dodging        | 5 6 |  6.8
Throwing       | |  2.0
Invocations    | |  0.2

Action                     |  1- 3 |  4- 6 |  7- 9 || total
---------------------------+-------+-------+-------++-------
  Melee: Trident           |    83 |   241 |    56 ||   380
         Tailslap          |     1 |       |       ||     1
         Punch             |       |     2 |       ||     2
  Throw: Javelin           |     4 |    11 |     2 ||    17
         Dart              |       |       |     5 ||     5
    Use: Scroll            |       |       |     6 ||     6
   Stab: Sleeping          |     1 |     1 |     1 ||     3
 Armour: Leather armour    |    31 |   134 |    63 ||   228
  Dodge: Dodged            |    42 |   130 |    79 ||   251

Table legend: (Time is in decaauts)
 A = Elapsed time spent in this place.
 B = Non-inter-level travel time spent in this place.
 C = Inter-level travel time spent in this place.
 D = Time resting spent in this place.
 E = Time spent auto-exploring this place.
 F = Levels seen in this place.
 G = Mean time per level.
                   A        B        C        D        E       F      G
               +--------+--------+--------+--------+--------+-----+--------+
         Total |   4263 |   4033 |    230 |    626 |   2201 |   6 |  710.5 |
       Dungeon |   4114 |   4024 |     90 |    626 |   2201 |   5 |  822.8 |
        Temple |    148 |      8 |    140 |      0 |      0 |   1 |  148.0 |
               +--------+--------+--------+--------+--------+-----+--------+

Top non-repeatable levels by time:
     D:4: 1537 daAuts
     D:3: 892 daAuts
     D:1: 772 daAuts
     D:2: 657 daAuts
     D:5: 255 daAuts
  Temple: 148 daAuts
